 Dungeon Crawl Stone Soup version 0.23.2-40-g277498a001 (webtiles) character file.

Game seed: 17561581076735276683

22673 Curus the Cruncher (level 12, -5/94 HPs)
             Began as a Demonspawn Gladiator on Sept 28, 2019.
             Was the Champion of Okawaru.
             Slain by an ice devil (22 damage)
             ... in an ice cave.
             The game lasted 01:06:35 (10685 turns).

Curus the Cruncher (Demonspawn Gladiator)          Turns: 10685, Time: 01:06:36

Health: -5/94      AC:  8    Str: 16    XL:     12   Next: 65%
Magic:  27/27      EV: 20    Int: 10    God:    Okawaru [******]
Gold:   839        SH:  0    Dex: 25    Spells: 11/11 levels left

rFire    + . .     SeeInvis .   J - +7 quarterstaff "Rones" {freeze, +Rage}
rCold    . . .     Gourm    .   (shield currently unavailable)
rNeg     . . .     Faith    .   I - +0 troll leather armour
rPois    .         Spirit   .   c - +1 helmet
rElec    .         Reflect  .   n - scarf {repulsion}
rCorr    .         Harm     .   Q - +1 pair of gloves {Dex+3}
MR       +....                  (boots unavailable)
Stlth    ++++......             H - amulet of regeneration
HPRegen  1.05/turn              v - ring of protection from fire
MPRegen  0.20/turn              S - ring of magical power

@: repel missiles
A: hooves 3, thin skeletal structure 2, demonic guardian 1, magic resistance 1,
nightstalker 2, MP-powered wands
a: Heroism, Finesse, Renounce Religion, Evoke Berserk Rage


You were in an ice cave.
You worshipped Okawaru.
Okawaru was exalted by your worship.
You were very hungry.

You visited 3 branches of the dungeon, and saw 13 of its levels.
You also visited: Sewer and Ice Cave.

You collected 839 gold pieces.

Inventory:

Hand Weapons
 a - a +3 quarterstaff
 J - the +7 quarterstaff "Rones" (weapon) {freeze, +Rage}
   (Okawaru gifted it to you on level 9 of the Dungeon)

   It has been specially enchanted to freeze those struck by it, causing extra
   injury to most foes and up to half again as much damage against particularly
   susceptible opponents.
   It can also slow down cold-blooded creatures.
   It lets you go berserk.
 K - a +2 quarterstaff of protection
Missiles
 d - 4 throwing nets (quivered)
Armour
 b - a +0 leather armour
 c - a +1 helmet (worn)
 g - a +0 pair of gloves
 n - a scarf of repulsion (worn)
 o - a +0 pair of boots
 y - the +3 ring mail of Vowaew {*Corrode rElec Str+3 Stlth+}
   (You found it on level 5 of the Dungeon)

   It affects your strength (+3).
   It insulates you from electricity.
   It may corrode you when you take damage.
   It makes you more stealthy.
 I - a +0 troll leather armour (worn)
 M - a +2 pair of gloves of archery
 N - a +1 pair of gloves of strength
 Q - a +1 pair of gloves of dexterity (worn)
 R - a +0 ring mail of cold resistance
Jewellery
 l - an uncursed amulet of rage
 u - a -3 ring of slaying
 v - a ring of protection from fire (left hand)
 B - an uncursed amulet of guardian spirit
 D - an uncursed amulet of the gourmand
 E - an uncursed ring of ice
 H - an amulet of regeneration (around neck)
 S - a ring of magical power (right hand)
Wands
 p - a wand of flame (6)
 x - a wand of acid (10)
 z - a wand of polymorph (10)
 A - a wand of paralysis (20)
 F - a wand of random effects (21)
 G - a wand of disintegration (9)
 O - a wand of digging (8)
 P - a wand of iceblast (6)
Scrolls
 e - 4 scrolls of magic mapping
 i - 5 scrolls of identify
 j - a scroll of remove curse
 m - 3 scrolls of fear
 s - 3 scrolls of teleportation
 C - a scroll of fog
 L - a scroll of enchant weapon
Potions
 h - a potion of lignification
 k - 2 potions of curing
 q - 2 potions of resistance
 r - 3 potions of heal wounds
 t - a potion of brilliance
 w - a potion of agility
Comestibles
 f - 15 rations


   Skills:
 + Level 8.8 Fighting
 - Level 14.0 Staves
 - Level 1.7 Throwing
 + Level 8.3 Dodging
 - Level 8.0 Invocations
 - Level 6.1 Evocations


You had 11 spell levels left.
You didn't know any spells.
Your spell library contained the following spells:

 Spells                   Type           Power        Failure   Level  Hunger
 Beastly Appendage        Tmut           #.....       43%         1    ##.....
 Magic Dart               Conj           #...         43%         1    ##.....
 Searing Ray              Conj           #.....       56%         2    ###....
 Sticks to Snakes         Tmut           #.......     56%         2    ###....
 Dazzling Spray           Conj/Hex       #.....       80%         3    ####...
 Spider Form              Tmut/Pois      #.........   80%         3    ####...
 Force Lance              Conj/Tloc      #.......     99%         4    #####..
 Fulminant Prism          Conj/Hex       #.........   99%         4    #####..
 Ice Form                 Ice/Tmut       #.......     99%         4    #####..
 Iskenderun's Mystic Bla  Conj           #.......     99%         4    #####..
 Blade Hands              Tmut           #.........   100%        5    ######.


Dungeon Overview and Level Annotations

Branches:
Dungeon (9/15)             Temple (1/1) D:4            Lair (3/6) D:9
 Shoals (0/4) Lair:3        Snake (0/4) Lair:2          Orc (0/2) D:9

Altars:
Ashenzari
Cheibriados
Fedhas
Hepliaklqana
Kikubaaqudgha
Makhleb
Nemelex Xobeh
Okawaru
Ru
Sif Muna
Uskayaw
Vehumet
Xom
Beogh

Shops:
D:7 }


Innate Abilities, Weirdness & Mutations

You have hooves in place of feet.
You have a moderately thin skeletal structure. (Dex +4, Stealth+)
A weak demonic guardian rushes to your aid.
You are significantly more attuned to the shadows.
You are resistant to hostile enchantments. (MR+)
You expend magic power (3 MP) to strengthen your wands.


Message History

You are engulfed in freezing vapours.
Your white imp is engulfed in freezing vapours.
Your white imp hits the ice devil.
Your white imp freezes the ice devil.
The ice devil completely resists.
You hit the ice devil. Your kick misses the ice devil.
The ice devil is almost dead.
You are engulfed in freezing vapours.
The ice devil hits you!
* * * LOW HITPOINT WARNING * * *
The ice devil freezes you!
* * * LOW HITPOINT WARNING * * *
Your white imp is engulfed in freezing vapours.
Your white imp hits the ice devil.
Your white imp freezes the ice devil.
The ice devil completely resists.
The ice devil closely misses you.
You feel much better.
Your white imp is engulfed in freezing vapours.
Your white imp closely misses the ice devil.
The ice devil hits you!
* * * LOW HITPOINT WARNING * * *
The ice devil freezes you!!
You die...

##.##☼§......#...###....##.
##.#○○§§.....#...# ##....#.
#..#§§####...#...# ##.#.##.
#...○§☼.......§§.# #..###..
#..#§☼.§......#.§# #...##..
##.#)#§§#.#..##§## #.......
##.###§§#°##.#§§# #..#...#
#...#.§##§§#.§§§# ##..#..##
#.).##.#○§@##§☼## #...####
#...####§§4§☼§.# #..##
##### #§°5°☼§## ##...#
##§○○§.# #...## ##§°°##
##..## ##### #....##
##.....## #### #....≈..#
##..###### ##......#


You could see an ice devil and a friendly white imp.

Vanquished Creatures
  Gastronok (Lair:2)
  2 hydras
  Sonja (Lair:3)
  Pikel (D:8)
  A manticore (Lair:3)
  A black mamba (Lair:1)
  Joseph (D:7)
  2 ice statues (IceCv)
  Psyche (D:8)
  A spiny frog (Lair:1)
  A rime drake (Lair:3)
  3 komodo dragons
  8 ice devils (IceCv)
  5 blink frogs
  6 hippogriffs
  19 yaks
  Sigmund (D:6)
  Eustachio (D:5)
  2 basilisks (Lair:2)
  8 swamp worms (D:8)
  Duvessa (D:6)
  3 water moccasins
  7 porcupines
  4 orc warriors (D:9)
  3 black bears
  An ice beast (D:8)
  3 slaves (D:8)
  2 ogres
  A phantom (D:5)
  A centaur (D:7)
  2 wolves (D:9)
  A big kobold (D:7)
  12 crocodiles
  A gnoll sergeant (D:7)
  9 bullfrogs
  Dowan (D:6)
  A scorpion (D:8)
  5 wights (D:7)
  3 killer bees (D:8)
  2 electric eels (Lair:2)
  5 howler monkeys (D:8)
  9 crimson imps
  5 hounds
  3 jellies
  A quasit (D:7)
  2 orc priests (D:9)
  2 bullfrog skeletons
  A centaur skeleton (D:7)
  A gnoll shaman (D:4)
  2 iguanas (D:5)
  An orc wizard (D:6)
  4 worker ants
  2 hound skeletons (D:4)
  9 gnolls
  12 adders
  A shadow imp (D:8)
  7 white imps (IceCv)
  7 ufetubi (IceCv)
  9 oozes (Sewer)
  3 adder skeletons
  An adder zombie (D:5)
  5 worms
  2 dart slugs (D:4)
  12 leopard geckos
  20 orcs
  14 giant cockroaches
  6 hobgoblins
  2 quokkas (D:4)
  17 ball pythons
  7 bats
  13 frilled lizards
  9 goblins
  6 kobolds
  A leopard gecko skeleton (D:4)
  9 rats
339 creatures vanquished.

Vanquished Creatures (collateral kills)
  Erolcha (D:9)
  An ice devil (IceCv)
  A troll (D:9)
  A blink frog (Lair:1)
  A hippogriff (Lair:3)
  A black bear (D:9)
  2 bullfrogs
  A howler monkey (D:2)
  An electric eel (D:7)
  A hound (D:4)
  An orc wizard (D:6)
  2 worms (D:2)
  2 leopard geckos (Sewer)
  An orc (D:9)
  A ball python (Sewer)
  2 frilled lizards (Sewer)
  A rat (D:2)
21 creatures vanquished.

Vanquished Creatures (others)
  A reaper (IceCv)
  A slave (D:8)
  2 white imps (IceCv)
  3 ufetubi (IceCv)
  A fungus (D:9)
  4 plants (D:8)
12 creatures vanquished.

Grand Total: 372 creatures vanquished

Notes
Turn   | Place    | Note
-------+----------+-------------------------------------------
     0 | D:1      | Curus the Demonspawn Gladiator began the quest for the Orb.
     0 | D:1      | Reached XP level 1. HP: 16/16 MP: 1/1
    30 | D:1      | Reached skill level 3 in Staves
    43 | D:1      | Gained mutation: A weak demonic guardian rushes to your
                  | aid. [demonic ancestry]
    43 | D:1      | Reached XP level 2. HP: 21/22 MP: 2/2
   325 | D:2      | Noticed a howler monkey
   336 | D:2      | Killed a howler monkey
   336 | D:2      | Reached skill level 4 in Staves
   336 | D:2      | Gained mutation: You have a somewhat thin skeletal
                  | structure. (Dex +2, Stealth) [demonic ancestry]
   336 | D:2      | Reached XP level 3. HP: 22/27 MP: 3/3
   371 | D:2      | Reached XP level 4. HP: 24/33 MP: 4/4
   967 | D:3      | Reached skill level 5 in Staves
  1321 | D:4      | Found a staircase to the Ecumenical Temple.
  1342 | D:4      | Found a glowing drain.
  1347 | D:4      | Gained mutation: You have large cloven feet. [demonic
                  | ancestry]
  1347 | D:4      | Reached XP level 5. HP: 35/38 MP: 5/5
  1492 | Sewer    | Entered a sewer
  1801 | Sewer    | Reached skill level 6 in Staves
  1882 | Sewer    | Gained mutation: You have a moderately thin skeletal
                  | structure. (Dex +4, Stealth+) [demonic ancestry]
  1882 | Sewer    | Reached XP level 6. HP: 30/44 MP: 6/6
  2462 | D:4      | Reached skill level 7 in Staves
  2532 | D:4      | Found a hazy altar of Hepliaklqana.
  2567 | D:4      | Gained mutation: You expend magic power (3 MP) to
                  | strengthen your wands. [potion of mutation]
  2567 | D:4      | Gained mutation: You are resistant to hostile enchantments.
                  | (MR+) [potion of mutation]
  2605 | D:4      | Gained mutation: You have hoof-like feet. [demonic
                  | ancestry]
  2605 | D:4      | Reached XP level 7. HP: 42/50 MP: 7/7
  2614 | Temple   | Entered the Ecumenical Temple
  2652 | Temple   | Became a worshipper of Warmaster Okawaru
  2975 | D:5      | Entered Level 5 of the Dungeon
  3159 | D:5      | Reached skill level 8 in Staves
  3406 | D:5      | Found a blossoming altar of Fedhas.
  3420 | D:5      | Reached * piety under Okawaru
  3557 | D:5      | Got a bronze ring mail
  3568 | D:5      | Identified the +3 ring mail of Vowaew {*Corrode rElec Str+3
                  | Stlth+} (You found it on level 5 of the Dungeon)
  3742 | D:6      | Noticed Eustachio
  3745 | D:6      | Noticed Sigmund
  3760 | D:5      | Killed Eustachio
  3760 | D:5      | Reached skill level 9 in Staves
  3760 | D:5      | Gained mutation: You are slightly more attuned to the
                  | shadows. [demonic ancestry]
  3760 | D:5      | Reached XP level 8. HP: 53/56 MP: 8/8
  3993 | D:6      | Noticed Dowan
  3995 | D:6      | Noticed Duvessa
  4005 | D:6      | Killed Duvessa
  4005 | D:6      | Reached ** piety under Okawaru
  4008 | D:6      | Killed Dowan
  4008 | D:6      | Reached skill level 10 in Staves
  4325 | D:6      | Killed Sigmund
  4522 | D:7      | Reached skill level 11 in Staves
  4522 | D:7      | Reached XP level 9. HP: 14/61 MP: 5/9
  4529 | D:7      | HP: 3/61 [wight/+0 mace (8)]
  4529 | D:7      | HP: 1/61 [wight/+0 mace (2)]
  4861 | D:7      | Found Ducuachaip's Gadget Boutique.
  5017 | D:7      | Noticed Joseph
  5036 | D:7      | Killed Joseph
  5036 | D:7      | Reached *** piety under Okawaru
  5353 | D:7      | Reached skill level 12 in Staves
  5592 | D:8      | Noticed an eight-headed hydra
  5615 | D:8      | Killed an eight-headed hydra
  5912 | D:8      | Found an ancient bone altar of Kikubaaqudgha.
  5964 | D:8      | Noticed Pikel
  5974 | D:8      | Killed Pikel
  5974 | D:8      | Reached **** piety under Okawaru
  5974 | D:8      | Reached skill level 13 in Staves
  5974 | D:8      | Gained mutation: You have hooves in place of feet. [demonic
                  | ancestry]
  5974 | D:8      | Reached XP level 10. HP: 60/67 MP: 6/10
  6170 | D:8      | Noticed Psyche
  6195 | D:8      | Killed Psyche
  6674 | D:8      | Reached ***** piety under Okawaru
  6674 | D:8      | Reached skill level 14 in Staves
  7705 | D:9      | Noticed Erolcha
  7706 | D:9      | Found a staircase to the Lair.
  7773 | D:9      | Killed Erolcha
  7773 | D:9      | Received a gift from Okawaru
  7774 | D:9      | Got a brightly glowing quarterstaff {god gift}
  7776 | D:9      | Identified the +7 quarterstaff "Rones" {freeze, +Rage}
                  | (Okawaru gifted it to you on level 9 of the Dungeon)
  7793 | D:9      | Found a roughly hewn altar of Beogh.
  7793 | D:9      | Found a staircase to the Orcish Mines.
  7812 | D:9      | Reached skill level 5 in Dodging
  7818 | D:9      | Reached skill level 5 in Fighting
  7827 | D:9      | Reached XP level 11. HP: 43/79 MP: 11/11
  7995 | Lair:1   | Entered Level 1 of the Lair of Beasts
  8031 | Lair:1   | Reached skill level 1 in Invocations
  8031 | Lair:1   | Reached skill level 1 in Evocations
  8413 | Lair:1   | Reached skill level 5 in Invocations
  8449 | Lair:1   | Received a gift from Okawaru
  8796 | Lair:2   | Found a staircase to the Snake Pit.
  8864 | Lair:2   | Noticed a five-headed hydra
  8875 | Lair:2   | Killed a five-headed hydra
  8981 | Lair:2   | Reached skill level 5 in Evocations
  9165 | Lair:2   | Received a gift from Okawaru
  9413 | Lair:2   | Noticed Gastronok
  9447 | Lair:2   | Killed Gastronok
  9447 | Lair:2   | Gained mutation: You are significantly more attuned to the
                  | shadows. [demonic ancestry]
  9447 | Lair:2   | Reached XP level 12. HP: 46/89 MP: 18/18
 10199 | Lair:3   | Noticed Sonja
 10207 | Lair:3   | Killed Sonja
 10263 | Lair:3   | Found a staircase to the Shoals.
 10271 | Lair:3   | Reached ****** piety under Okawaru
 10282 | Lair:3   | Found a frozen archway.
 10295 | IceCv    | Entered an ice cave
 10458 | IceCv    | Killed a reaper
 10558 | IceCv    | Received a gift from Okawaru
 10685 | IceCv    | Slain by an ice devil

Skill      XL: |  1  2  3  4  5  6  7  8  9 10 11 12 |
---------------+-------------------------------------+-----
Staves         | 3 4 5 6 7 9 11 13 14 | 14.0
Dodging        | 5 6 8 |  8.3
Fighting       | 5 6 8 |  8.8
Invocations    | 8 |  8.0
Evocations     | 6 |  6.1
Throwing       | |  1.7

Action                   |  1- 3 |  4- 6 |  7- 9 | 10-12 || total
-------------------------+-------+-------+-------+-------++-------
Melee: Quarterstaff      |    80 |   293 |   254 |   566 ||  1193
       Kick              |       |    43 |    99 |   220 ||   362
Invok: Heroism           |       |       |     2 |       ||     2
Evoke: Wand              |       |       |     3 |    11 ||    14
  Use: Potion            |     6 |     4 |     4 |     6 ||    20
       Scroll            |     2 |     8 |     6 |     4 ||    20
 Stab: Sleeping          |     1 |     6 |     7 |    16 ||    30
       Distracted        |       |     2 |     2 |    10 ||    14
  Eat: Chunk             |       |     6 |    12 |    10 ||    28
       Ration            |       |       |       |     1 ||     1
Armor: Leather armour    |    17 |    81 |    15 |       ||   113
       Ring mail         |       |       |    43 |    25 ||    68
       Troll leather arm |       |       |       |    78 ||    78
Dodge: Dodged            |    57 |   215 |   125 |   307 ||   704
       Deflected         |       |       |     2 |    10 ||    12
